 Dungeon Crawl Stone Soup version 0.21.1-1-g345015fe64 (webtiles) character file.

202 RepoMan the Insei (level 5, -2/42 HPs)
             Began as a Draconian Transmuter on July 6, 2018.
             Slain by a gnoll
             ... wielding a +0 whip
              (8 damage)
             ... on level 4 of the Dungeon.
             The game lasted 00:11:03 (3018 turns).

RepoMan the Insei (Draconian Transmuter)            Turns: 3018, Time: 00:11:04

Health: -2/42      AC:  2    Str: 12    XL:     5   Next: 50%
Magic:  7/9        EV: 19    Int: 14    God:
Gold:   97         SH:  0    Dex: 17    Spells: 3/9 levels left

rFire    . . .     SeeInvis .     - Unarmed
rCold    . . .     Gourm    .   (shield currently unavailable)
rNeg     . . .     Faith    .   (armour unavailable)
rPois    x         Spirit   .   (helmet currently unavailable)
rElec    .         Reflect  .   (cloak currently unavailable)
rCorr    .         Harm     .   (gloves currently unavailable)
MR       .....                  (boots currently unavailable)
Stlth    ++........             (no amulet)
HPRegen  0.14/turn              (no ring)
MPRegen  0.11/turn              (no ring)

@: spider-form (expiring)
A: tiny, unfitting armour, AC +5
a: End Transformation


You were on level 4 of the Dungeon.
You were hungry.
You were a venomous arachnid creature.
You visited 1 branch of the dungeon, and saw 4 of its levels.

You collected 97 gold pieces.

Inventory:

Missiles
 a - 68 arrows
Armour
 g - a +0 cloak (melded)
Jewellery
 r - an uncursed ring of magical power {unknown}
Wands
 l - a wand of acid (6)
Scrolls
 d - a scroll of immolation {unknown}
 e - 4 scrolls of remove curse {unknown}
 h - a scroll of blinking {unknown}
 j - a scroll of enchant armour {unknown}
 o - 4 scrolls of identify {unknown}
 p - 2 scrolls of teleportation {unknown}
 q - a scroll of magic mapping {unknown}
 t - a scroll of random uselessness {unknown}
Potions
 i - a potion of invisibility {unknown}
 k - a potion of flight {unknown}
 m - 2 potions of cancellation {unknown}
 n - a potion of might {unknown}
 s - a potion of agility {unknown}
Books
 b - a book of Changes

   Spells                             Type                      Level
   a - Beastly Appendage              Transmutation                1
   b - Sticks to Snakes               Transmutation                2
   c - Spider Form                    Transmutation/Poison         3
   d - Ice Form                       Ice/Transmutation            4
   e - Blade Hands                    Transmutation                5
Comestibles
 c - 5 rations
 f - 4 chunks of flesh


   Skills:
 + Level 2.6 Fighting
 - Level 1.7 Dodging
 * Level 4.3 Unarmed Combat
 + Level 2.8 Spellcasting
 * Level 3.6 Transmutations


You had 3 spell levels left.
You knew the following spells:

 Your Spells              Type           Power        Failure   Level  Hunger
a - Beastly Appendage     Tmut           ##....       14%         1    #......
b - Sticks to Snakes      Tmut           ##......     21%         2    ###....
c - Spider Form           Tmut/Pois      #.........   52%         3    ###....


Dungeon Overview and Level Annotations

Branches:
Dungeon (4/15)
 Temple: D:4-7

Altars:
Dithmenos
Yredelemnul


Innate Abilities, Weirdness & Mutations

((Your plain brown scales are hard. (AC +5)))
You cannot fit into any form of body armour.
((You are cold-blooded and may be slowed by cold attacks.))


Message History

The gnoll hits you from afar with a spear!
You hit the gnoll.
The gnoll is poisoned.
The gnoll is lightly wounded.
The gnoll closely misses you.
You hit the gnoll but do no damage.
The gnoll looks as sick as possible!
The gnoll is lightly wounded.
The gnoll barely misses you. The gnoll closely misses you.
The gnoll barely misses you. The gnoll completely misses you.
The gnoll hits you with a club!
Your transformation is almost over.
You kill the gnoll!
The gnoll completely misses you.
You bite the gnoll!
The gnoll looks as sick as possible!
The gnoll is heavily wounded.
The gnoll misses you. The gnoll barely misses you.
You hit the gnoll but do no damage.
The gnoll is poisoned.
The gnoll hits you from afar with a spear!
* * * LOW HITPOINT WARNING * * *
The gnoll hits you with a whip!
You die...

#######
#.....###############
#.....'.......#....#.
#.....#.......#....#.
#.....#.......)....#.
#...s.#.......#....#.
#..gg.#.......#....'.
#.g...#(...<..#....#.
#.....#.......#....#.
######.....####....##...##
..............#######...##
........).....#...........
..............#...........
..............#...........


You could see 3 gnolls.

Vanquished Creatures
  Jessica (D:2)
  A worker ant (D:4)
  A gnoll (D:4)
  5 adders
  3 worms
  3 dart slugs
  2 leopard geckos
  7 orcs
  2 giant cockroaches
  9 hobgoblins
  10 bats
  7 frilled lizards
  7 goblins
  8 kobolds
  9 rats
75 creatures vanquished.

Vanquished Creatures (collateral kills)
  An adder (D:3)
1 creature vanquished.

Grand Total: 76 creatures vanquished

Notes
Turn   | Place    | Note
-------+----------+-------------------------------------------
     0 | D:1      | RepoMan the Draconian Transmuter began the quest for the Orb.
     0 | D:1      | Reached XP level 1. HP: 16/16 MP: 3/3
   235 | D:1      | Reached XP level 2. HP: 23/23 MP: 3/5
   239 | D:1      | Learned a level 2 spell: Sticks to Snakes
   859 | D:1      | Reached XP level 3. HP: 24/29 MP: 3/6
  1047 | D:2      | Noticed Jessica
  1109 | D:2      | Learned a level 3 spell: Spider Form
  1518 | D:2      | Killed Jessica
  1518 | D:2      | Reached XP level 4. HP: 22/36 MP: 0/7
  1949 | D:3      | Found a basalt altar of Yredelemnul.
  2177 | D:3      | Reached skill level 4 in Unarmed Combat
  2554 | D:3      | Reached XP level 5. HP: 42/42 MP: 4/8
  2891 | D:4      | Found a shadowy altar of Dithmenos.
  3018 | D:4      | Slain by a gnoll

Skill      XL: |  1  2  3  4 |
---------------+-------------+-----
Fighting       | 2 |  2.6
Transmutations | 3 |  3.6
Unarmed Combat | 4 |  4.3
Dodging        | |  1.7
Spellcasting   | |  2.8

Action                   |  1- 3 |  4- 6 || total
-------------------------+-------+-------++-------
Melee: Unarmed           |   120 |    92 ||   212
       Kick              |     5 |     5 ||    10
       Punch             |     2 |     1 ||     3
       Tailslap          |    10 |     7 ||    17
       Headbutt          |     2 |     3 ||     5
 Cast: Beastly Appendage |    20 |    15 ||    35
       Spider Form       |     3 |     5 ||     8
       Sticks to Snakes  |       |     1 ||     1
 Abil: End Transformatio |       |     1 ||     1
  Eat: Chunk             |     3 |     5 ||     8
Armor: Skin              |    27 |    13 ||    40
Dodge: Dodged            |    67 |    51 ||   118
